 Dungeon Crawl Stone Soup version 0.24-a0-184-gcb5ae2c (webtiles) character file.

Game seed: 14185493603314440016

448 Dfrag the Firebug (level 6, -11/41 HPs)
             Began as a Demonspawn Fire Elementalist on Mar 15, 2019.
             Killed from afar by Dowan (20 damage)
             ... with a shard of ice
             ... on level 4 of the Dungeon.
             The game lasted 00:04:14 (2943 turns).

Dfrag the Firebug (Demonspawn Fire Elementalist)    Turns: 2943, Time: 00:04:15

Health: -11/41     AC:  2    Str:  9    XL:     6   Next: 73%
Magic:  6/21       EV: 14    Int: 18    God:
Gold:   177        SH:  0    Dex: 13    Spells: 5/13 levels left

rFire    . . .     SeeInvis .   (no weapon)
rCold    . . .     Gourm    .   (no shield)
rNeg     . . .     Faith    .   a - +0 robe
rPois    +         Spirit   .   (helmet restricted)
rElec    .         Reflect  .   (no cloak)
rCorr    .         Harm     .   (no gloves)
MR       .....                  (no boots)
Stlth    ++........             (no amulet)
HPRegen  0.13/turn              j - ring of magical power
MPRegen  0.17/turn              p - ring of poison resistance

@: very slightly contaminated
A: horns 1, repulsion field 1, demonic guardian 1
a: no special abilities


You were on level 4 of the Dungeon.
You were very hungry.

You visited 1 branch of the dungeon, and saw 4 of its levels.

You collected 177 gold pieces.

Inventory:

Armour
 a - a +0 robe (worn)
Jewellery
 j - a ring of magical power (left hand)
 p - a ring of poison resistance (right hand)
Scrolls
 b - a scroll of enchant weapon {unknown}
 d - 6 scrolls of noise {unknown}
 e - a scroll of remove curse {unknown}
 f - 3 scrolls of identify {unknown}
 g - a scroll of fog {unknown}
 h - a scroll of enchant armour {unknown}
 k - 2 scrolls of teleportation {unknown}
 m - a scroll of immolation {unknown}
Potions
 i - 2 potions of degeneration {unknown}
 l - 2 potions of heal wounds {unknown}
 n - a potion of berserk rage
 o - a potion of invisibility {unknown}
Comestibles
 c - 3 rations


   Skills:
 - Level 1.7 Dodging
 - Level 1.7 Stealth
 + Level 4.1 Spellcasting
 + Level 4.0 Conjurations
 + Level 4.5 Fire Magic


You had 5 spell levels left.
You knew the following spells:

 Your Spells              Type           Power        Failure   Level  Hunger
a - Flame Tongue          Conj/Fire      ###..        2%          1    None
b - Conjure Flame         Conj/Fire      ###.....     8%          3    ###....
c - Sticky Flame          Conj/Fire      ###.....     24%         4    ####...

Your spell library contained the following spells:

 Spells                   Type           Power        Failure   Level  Hunger
 Throw Flame              Conj/Fire      ###...       3%          2    ##.....
 Inner Flame              Hex/Fire       ##......     17%         3    ###....
 Fireball                 Conj/Fire      ###.......   56%         5    ######.


Dungeon Overview and Level Annotations

Branches:
Dungeon (4/15)
 Temple: D:4-7

Altars:
Elyvilon
Trog
The Shining One

Shops:
D:4 :

Annotations:
D:4 Dowan


Innate Abilities, Weirdness & Mutations

You have a pair of small horns on your head.
You are surrounded by a mild repulsion field. (EV +2)
A weak demonic guardian rushes to your aid.


Message History

Dowan casts a spell at you. The shard of ice hits your quasit!!
Your quasit partially resists.
Your quasit dies!
Dowan hits you with a +0 dagger.
* * * LOW HITPOINT WARNING * * *
Unknown command.
Unknown command.
Casting: Sticky Flame (slightly dangerous; 24% risk of failure)
Confirm with . or Enter, or press ? or * to list all spells.
Aiming: Sticky Flame (slightly dangerous; 24% risk of failure)
Press: ? - help, Shift-Dir - straight line, f/p - Dowan
Aim: Dowan, wielding a +0 dagger and wearing a +0 robe (moderately wounded, fast)
You miscast Sticky Flame.
You are very lightly contaminated with residual magic.
You feel uncomfortably hot.
You are feeling very hungry.
Dowan points at you and mumbles some strange words.
The shard of ice hits you!!
You die...

##. #..# #..# ... #..#
#..# # ##.######### ##..#
#..#.# #$$e.......#
#...### #..#>#
#$∩$######.#
#...#.#########<.#.#
#$$$#
##.###....#.............#
..###
#...##...###..#####.#...#
.# #...)..e## ##.#
##..### .
#...####@###..#######.###
##### ##.#.#............
##.##########.... ###
#####


You could see Dowan.

Vanquished Creatures
  Menkaure (D:4)
  Duvessa (D:4)
  A centaur (D:3)
  A scorpion (D:2)
  3 adders
  5 worms
  2 dart slugs
  An orc (D:3)
  4 giant cockroaches
  9 goblins
  8 hobgoblins
  8 jackals
  6 kobolds
  3 quokkas
  5 bats
  3 frilled lizards
  7 rats
68 creatures vanquished.

Vanquished Creatures (collateral kills)
  A rat (D:3)
1 creature vanquished.

Grand Total: 69 creatures vanquished

Notes
Turn   | Place    | Note
-------+----------+-------------------------------------------
     0 | D:1      | Dfrag the Demonspawn Fire Elementalist began the quest for
                  | the Orb.
     0 | D:1      | Reached XP level 1. HP: 13/13 MP: 3/3
   272 | D:1      | Gained mutation: A weak demonic guardian rushes to your
                  | aid. [demonic ancestry]
   272 | D:1      | Reached XP level 2. HP: 15/19 MP: 1/5
   920 | D:2      | Reached XP level 3. HP: 21/24 MP: 2/6
  1338 | D:2      | Noticed a scorpion
  1352 | D:2      | Killed a scorpion
  1352 | D:2      | Reached XP level 4. HP: 30/30 MP: 1/8
  1491 | D:2      | Found a glowing golden altar of the Shining One.
  1495 | D:2      | Found a bloodstained altar of Trog.
  1498 | D:2      | Found a white marble altar of Elyvilon.
  2111 | D:3      | Noticed a centaur
  2118 | D:3      | Learned a level 3 spell: Conjure Flame
  2123 | D:3      | Learned a level 4 spell: Sticky Flame
  2131 | D:3      | Killed a centaur
  2131 | D:3      | Gained mutation: You have a pair of small horns on your
                  | head. [demonic ancestry]
  2131 | D:3      | Reached XP level 5. HP: 25/35 MP: 4/10
  2417 | D:3      | Found a faded altar of an unknown god.
  2903 | D:4      | Found Viulaokh's Book Shop.
  2909 | D:4      | Noticed Menkaure
  2912 | D:4      | Killed Menkaure
  2912 | D:4      | Gained mutation: You are surrounded by a mild repulsion
                  | field. (EV +2) [demonic ancestry]
  2912 | D:4      | Reached XP level 6. HP: 13/41 MP: 11/11
  2912 | D:4      | Noticed Duvessa
  2924 | D:4      | Noticed Dowan
  2931 | D:4      | Killed Duvessa
  2943 | D:4      | Killed from afar by Dowan

Levels and vault maps discovered:
D:1:      dpeg_arrival_circle_labyrinth_a, layout_basic
D:2:      layout_basic, lemuel_crystal_altar, grunt_temple_overflow_open,
          serial_rivers, chequers_serial_rivers_marsh,
          chequers_serial_rivers_room_a, chequers_serial_rivers_small_a,
          chequers_serial_rivers_small_3
D:3:      layout_loops_ring, chequers_ecumenical_altar_simple,
          lightli_corner_chamber
D:4:      layout_loops_ring, nicolae_dithmenos_shadow_blocks,
          minmay_temple_entry_gardened_gates, first_ration, serial_shops,
          shop_coins, kennysheep_little_box, uniq_menkaure, uniq_duvessa

Skill      XL: |  1  2  3  4  5  6 |
---------------+-------------------+-----
Fire Magic     | 3 4 |  4.5
Conjurations   | 2 3 4 |  4.0
Spellcasting   | 3 4 |  4.1
Dodging        | |  1.7
Stealth        | |  1.7

Action                   |  1- 3 |  4- 6 || total
-------------------------+-------+-------++-------
Melee: Unarmed           |    67 |     7 ||    74
       Headbutt          |       |     2 ||     2
 Cast: Flame Tongue      |    68 |    44 ||   112
       Sticky Flame      |       |     5 ||     5
  Use: Potion            |     1 |       ||     1
  Eat: Chunk             |     2 |     5 ||     7
Armor: Robe              |    28 |     2 ||    30
Dodge: Dodged            |   124 |    15 ||   139

Table legend:
 A = Non-vault XP
 B = Vault XP
 C = Vault XP percentage of total XP
 D = Non-vault monster count
 E = Vault monster count
 F = Vault count percentage of total count
                 A         B        C        D         E       F
            +---------+---------+-------+---------+---------+-------
      Total |     345 |     295 |  46.1 |      67 |       2 |   2.9
            +---------+---------+-------+---------+---------+-------
        D:1 |      53 |       0 |   0.0 |      23 |       0 |   0.0
        D:2 |     113 |       0 |   0.0 |      23 |       0 |   0.0
        D:3 |     179 |       0 |   0.0 |      21 |       0 |   0.0
        D:4 |       0 |     295 | 100.0 |       0 |       2 | 100.0
            +---------+---------+-------+---------+---------+-------
